 Dungeon Crawl Stone Soup version 0.21.1-1-g345015f (webtiles) character file.

62 ximkin the Ruffian (level 3, -7/28 HPs)
             Began as a Draconian Transmuter on Feb 13, 2018.
             Killed by divine providence
             ... invoked by an orc priest
              (15 damage)
             ... on level 2 of the Dungeon.
             The game lasted 00:11:42 (1706 turns).

ximkin the Ruffian (Draconian Transmuter)           Turns: 1706, Time: 00:11:43

Health: -7/28      AC:  5    Str: 12    XL:     3   Next: 85%
Magic:  4/6        EV: 19    Int: 14    God:
Gold:   127        SH:  0    Dex: 16    Spells: 2/6 levels left

rFire    . . .     SeeInvis .     - Unarmed
rCold    . . .     Gourm    .   (shield currently unavailable)
rNeg     . . .     Faith    .   (armour unavailable)
rPois    x         Spirit   .   (helmet currently unavailable)
rElec    .         Reflect  .   (cloak currently unavailable)
rCorr    .         Harm     .   (gloves currently unavailable)
MR       .....                  (boots currently unavailable)
Stlth    ++........             (no amulet)
HPRegen  0.09/turn              e - +3 ring of protection
MPRegen  0.10/turn              (no ring)

@: spider-form (expiring)
A: tiny, unfitting armour, AC +5
a: End Transformation


You were on level 2 of the Dungeon.
You were very hungry.
You were a venomous arachnid creature.
You visited 1 branch of the dungeon, and saw 2 of its levels.

You collected 127 gold pieces.

Inventory:

Missiles
 a - 12 arrows
Jewellery
 e - a +3 ring of protection (left front leg)
Scrolls
 d - a scroll of fog {unknown}
 f - a scroll of immolation
 g - a scroll of teleportation {unknown}
 h - 2 scrolls of remove curse {unknown}
 k - a scroll of enchant armour {unknown}
 n - a scroll of identify
Potions
 c - a potion of berserk rage {unknown}
 j - a potion of degeneration {unknown}
 l - a potion of curing {unknown}
 m - a potion of haste {unknown}
Books
 b - a book of Changes

   Spells                             Type                      Level
   a - Beastly Appendage              Transmutation                1
   b - Sticks to Snakes               Transmutation                2
   c - Spider Form                    Transmutation/Poison         3
   d - Ice Form                       Ice/Transmutation            4
   e - Blade Hands                    Transmutation                5
Comestibles
 i - a ration


   Skills:
 - Level 1.1 Fighting
 - Level 1.7 Dodging
 - Level 0.8 Stealth
 - Level 4.1 Unarmed Combat
 - Level 2.0 Spellcasting
 + Level 3.0 Transmutations


You had 2 spell levels left.
You knew the following spells:

 Your Spells              Type           Power        Failure   Level  Hunger
a - Beastly Appendage     Tmut           #.....       19%         1    ##.....
b - Spider Form           Tmut/Pois      #.........   58%         3    ####...


Dungeon Overview and Level Annotations

Branches:
Dungeon (2/15)

Altars:


Innate Abilities, Weirdness & Mutations

((Your plain brown scales are hard. (AC +5)))
You cannot fit into any form of body armour.
((You are cold-blooded and may be slowed by cold attacks.))


Message History

The orc priest shouts!
The orc shouts!
You hear a shout! x2
Found a stone staircase leading down.
An orc priest comes into view. It is wielding a club.
There are monsters nearby!
Casting: Spider Form
Confirm with . or Enter, or press ? or * to list all spells.
You turn into a venomous arachnid creature.
The orc priest invokes the aid of Beogh against you.
Beogh smites you!
The orc priest looks encouraged for a moment.
The orc priest mumbles some strange prayers to Beogh against you.
Pain shoots through your body!
Your transformation is almost over.
The orc priest invokes the aid of Beogh against you.
Pain shoots through your body!
* * * LOW HITPOINT WARNING * * *
The orc priest calls down the wrath of Beogh upon you.
Beogh smites you!
Ouch! That really hurt!
You die...

#..#.# #.. #.# #.##.#.#
###..##.##.#.# #.##.#.#
.............###.##.#.#
.......#####.....##.#.#
###....# #.######.#[#
##.....# #.######.#.###
###.##.# #..<.........#
.###.#.#####(.....#.#.#.#
†...............s.<...#.#
.##..#####.#####......#.#
###..# # ..##......#.# #
#..# #.##.#...##.# #..#
#.##.##.###.#
#..########.##.##o# #.#
#............).##o# #>#
#.#########.#####.# #.#
##.#########.# #...# #.#


You could see an orc priest.

Vanquished Creatures
  An adder (D:2)
  3 worms (D:2)
  3 dart slugs
  2 leopard geckos (D:1)
  6 bats
  2 giant cockroaches (D:2)
  4 hobgoblins
  3 kobolds (D:1)
  2 quokkas (D:2)
  5 frilled lizards
  2 goblins
  5 rats
38 creatures vanquished.

Notes
Turn   | Place    | Note
-------+----------+-------------------------------------------
     0 | D:1      | ximkin the Draconian Transmuter began the quest for the Orb.
     0 | D:1      | Reached XP level 1. HP: 16/16 MP: 3/3
   283 | D:1      | Reached XP level 2. HP: 23/23 MP: 3/5
  1017 | D:2      | Reached skill level 4 in Unarmed Combat
  1043 | D:2      | Reached XP level 3. HP: 28/28 MP: 4/6
  1062 | D:2      | Learned a level 3 spell: Spider Form
  1706 | D:2      | Killed from afar by an orc priest

Skill      XL: |  1  2  3 |
---------------+----------+-----
Unarmed Combat | 4 |  4.1
Transmutations | 3 |  3.0
Fighting       | |  1.1
Dodging        | |  1.7
Stealth        | |  0.8
Spellcasting   | |  2.0

Action                   || total
-------------------------++-------
Melee: Unarmed           ||   120
       Kick              ||     8
       Tailslap          ||    10
       Headbutt          ||     3
       Punch             ||     1
 Cast: Beastly Appendage ||    16
       Spider Form       ||    12
  Use: Scroll            ||     1
  Eat: Ration            ||     1
Armor: Skin              ||    48
Dodge: Dodged            ||    77
